Unix NetHack Version 5.0.0-0 post-release - last build May 17 2026 04:57:42 (dc50c8380fa5e20985bfe3072449f57b8d9895ef,branch:main).

Game began 2026-05-20 03:53:07, ended 2026-05-21 20:04:58.

Koku, neutral female gnomish Wizard

   --                                                           ---- ---###
   -.-                                                         --..---.-#.-#
   ...---                                                      |....|......#-
   -....--                                                 --- |......^.....|
   |>....|     ----                     ----               |.-- -......*....|
    -....--    |..|                   ---..--             --..--|...........|
    |.....------..--                  |.....|           ---....--.........#--
    |..............|   ---           --....-    ---------........^.......##
    ---..------....|  --.---         |*...-------........................#
      |.-|   --...-----....|         |............---------.............-|
      |..|   |.............|         --(..---------       |..----....#...|
      --.------...---..<...|         --@---               ----  --..---..|
       |....---..........--|  ---   --.r|                        --..|..--
       --....|.............----.--- |...----                      |.....|
        |...............--........| |......---                    |.....-#
       --............---------....| |-.......|                    ---....--
       |.............|       |...----..|.....-                     --.....|
       --.--.........|       |...---..----.....|                   |......|
        -------.--...|       --......--    .|..|                   --...---
              -----.--        --------     -----                    --..|
                  ---                                                ----
Koku the Conjurer         St:11 Dx:11 Co:18 In:19 Wi:8 Ch:9  Neutral
Dlvl:4  $:59 HP:0(31) Pw:8(37) AC:7  Xp:4 T:2052  Burdened

Latest messages:
 You see here a bag.
 In what direction? 6
 The boulder falls apart.
 You have a little trouble lifting C - a bag.
 What do you want to use or apply? [cgk-ntCNS or ?*] C
 Your bag is empty.
 Tulip bites the acid blob.
 The acid blob is killed!
 Tulip is hit by an arrow!
 Tulip misses the dwarf.
 Tulip misses the dwarf.
 Tulip misses the dwarf.
 Tulip misses the dwarf.
 You see here 2 white gems.
 Tulip misses the dwarf.
 Tulip misses the dwarf.
 You have a little trouble lifting O - 2 white gems (3 in total).
 Tulip misses the dwarf.
 Tulip bites the dwarf.
 The dwarf swings her broad pick at Tulip.
 The dwarf misses Tulip.
 Tulip misses the dwarf.
 You see here a red gem.
 You have a little trouble lifting K - a red gem.
 Where do you want to travel to?
 (For instructions type a '?')
 Tulip misses the grid bug.
 Tulip bites the grid bug.
 The grid bug is killed!
 Tulip bites the grid bug.
 The grid bug misses Tulip.
 Tulip bites the grid bug.
 The grid bug is killed!
 The rabid rat just misses!
 The rabid rat bites!
 You hit the iguana.
 The rabid rat bites!
 You hear crashing rock.
 In what direction? 8
 The spell misses the iguana.
 The rabid rat bites!
 You kill the iguana!
 The rabid rat bites!
 The rabid rat bites!
 You die...
 Do you want your possessions identified? [ynq] (y) y
 Do you want to see your attributes? [ynq] (y) y
 Do you want an account of creatures vanquished? [ynaq] (y) y
 Do you want to see your conduct and achievements? [ynq] (y) y
 Do you want to see the dungeon overview? [ynq] (y) y

Inventory:
 Coins    ('$')
  $ - 59 gold pieces
 Weapons  (')')
  P - 3 +0 crossbow bolts
  J - 9 +0 orcish arrows
  Q - a +0 crossbow
  X - 2 blessed +0 darts
  Z - 43 +0 darts
  Y - a cursed -1 dart
  H - 11 cursed -2 darts
  I - a +0 dagger
  E - 2 +0 orcish daggers
  S - a +0 axe
  A - a +0 dwarvish short sword
  R - a +0 dwarvish short sword
  a - a blessed +1 quarterstaff (weapon in hands)
 Armor    ('[')
  T - an uncursed +0 dwarvish iron helm
  q - an uncursed +0 orcish helm (being worn)
  D - an uncursed +0 orcish helm
  F - a cursed -1 orcish helm
  U - an uncursed rusty +0 pair of iron shoes
  j - an uncursed +0 pair of low boots (being worn)
  V - an uncursed +0 dwarvish roundshield
  b - an uncursed +0 cloak of magic resistance (being worn)
  W - an uncursed +0 dwarvish cloak
 Comestibles  ('%')
  G - an uncursed food ration
  M - 2 uncursed lichen corpses
 Scrolls  ('?')
  v - an uncursed scroll of charging
  w - a cursed scroll of food detection
  s - a cursed scroll of gold detection
  u - a blessed scroll of magic mapping
  r - 3 uncursed scrolls of scare monster
 Spellbooks  ('+')
  l - an uncursed spellbook of cause fear
  t - an uncursed spellbook of cause fear
  k - a blessed spellbook of force bolt
 Potions  ('!')
  f - an uncursed potion of booze
  h - an uncursed potion of fruit juice
  p - an uncursed potion of gain energy
  o - an uncursed potion of healing
  g - an uncursed potion of oil
  y - an uncursed potion of paralysis
  B - an uncursed potion of see invisible
 Rings    ('=')
  d - an uncursed ring of free action
  e - a blessed +1 ring of increase accuracy (on right hand)
 Wands    ('/')
  N - a wand of fire (0:7)
  c - a wand of stasis (0:6)
 Tools    ('(')
  C - an empty uncursed sack
  n - an uncursed blindfold
  m - a magic marker (0:19)
 Gems/Stones  ('*')
  x - 2 uncursed worthless pieces of blue glass
  K - an uncursed worthless piece of red glass
  i - a cursed worthless piece of red glass
  O - 3 uncursed worthless pieces of white glass
  z - an uncursed worthless piece of yellow glass

Koku the Wizard's attributes:

Background:
 You were a Conjurer, a level 4 female gnomish Wizard.
 You were neutral, on a mission for Thoth
 who was opposed by Ptah (lawful) and Anhur (chaotic).
 You were right-handed.
 You were in the Gnomish Mines, on level 4.
 You entered the dungeon 2052 turns ago.
 You had 157 experience points, 3 more were needed to attain level 5.

Basics:
 You had 0 out of 31 hit points.
 You had 8 out of 37 energy points (spell power).
 Your armor class was 7.
 Your wallet contained 59 zorkmids.
 Autopickup was off.

Final Characteristics:
 Your strength was 11 (limit:18/50).
 Your dexterity was 11 (limit:18).
 Your constitution was 18 (limit:18).
 Your intelligence was 19 (limit:19).
 Your wisdom was 8 (limit:18).
 Your charisma was 9 (limit:18).

Final Status:
 You weren't hungry.
 You were burdened; movement was slightly slowed.
 You were wielding a quarterstaff.
 You had basic skill with quarterstaff.

Final Attributes:
 You were devoutly aligned.
 You were magic-protected.
 You were telepathic.
 You had infravision.
 You had a small bonus to hit (+1).
 You were warded.
 You are dead.

Miscellaneous:
 You didn't encounter any bones levels.
 Total elapsed playing time was 14 minutes and 46 seconds.

Major events:
 Turn
    1: Koku the neutral female gnomish Wizard entered the dungeon
  657: attained the rank of Conjurer (level 3)
 1733: entered the Gnomish Mines
 2052: killed by a rabid rat

Spells:
 Name                 Level Category     Fail Retention
 force bolt             1   attack         0%   81%-90%
 cause fear             3   enchantment    0%   81%-90%

Skills:
 Fighting Skills
   bare handed combat [Unskilled]
   riding             [Unskilled]
 Weapon Skills
   dagger             [Unskilled]
   knife              [Unskilled]
   axe                [Unskilled]
   short sword        [Unskilled]
   club               [Unskilled]
   mace               [Unskilled]
   quarterstaff       [Basic]
   polearms           [Unskilled]
   spear              [Unskilled]
   trident            [Unskilled]
   sling              [Unskilled]
   dart               [Unskilled]
   shuriken           [Unskilled]
 Spellcasting Skills
   attack spells      [Basic]
   healing spells     [Unskilled]
   divination spells  [Unskilled]
   enchantment spells [Basic]
   clerical spells    [Unskilled]
   escape spells      [Unskilled]
   matter spells      [Unskilled]

Voluntary challenges:
 Character rerolling was not enabled.
 You never genocided any monsters.
 You never polymorphed an object.
 You used no wishes.
Achievements:
 You attained the rank of Conjurer.
 You entered the Gnomish Mines.

 The Dungeons of Doom: levels 1 to 4
    Level 1:
       A fountain.
    Level 2:
    Level 3:
       A fountain.
       Stairs down to The Gnomish Mines.
    Level 4:
       Some fountains, some sinks, a grave.
 The Gnomish Mines:
    Level 4: <- You were here.
       Final resting place for
          you, killed by a rabid rat.


Vanquished creatures:
 an imp
  a shrieker
  a giant ant
  a floating eye
  a dwarf
  a kobold leader
  a giant bat
  2 wererats
  2 iguanas
 an acid blob
  a hobbit
  a large kobold
  a hobgoblin
  a giant rat
  2 yellow molds
  a green mold
  a red mold
  4 gnomes
  3 geckos
  8 jackals
  a fox
  5 goblins
  a sewer rat
  4 grid bugs
  4 lichens
  a kobold zombie
  3 newts
54 creatures vanquished.

No species were genocided or became extinct.

Game over:
                       ----------
                      /          \
                     /    REST    \
                    /      IN      \
                   /     PEACE      \
                  /                  \
                  |       Koku       |
                  |      59 Au       |
                  |   killed by a    |
                  |    rabid rat     |
                  |                  |
                  |                  |
                  |       2026       |
                 *|     *  *  *      | *
        _________)/\\_//(\/(/\)/\//\/|_)_______

Goodbye Koku the Wizard...

You died in The Gnomish Mines on dungeon level 4 with 842 points,
and 59 pieces of gold, after 2052 moves.
You were level 4 with a maximum of 31 hit points when you died.

